Map: Dusk Towers

Players

Sehyo - Winner!

  • Race: Protoss Protoss
  • League: Diamond

SickLee

  • Race: Zerg Zerg
  • League: Diamond

VOD

Have the link to the VOD?

Description

2 Min Third PvZ

Time

  • Played on: Nov. 24, 2015, 6:26 p.m.
  • Length: 17:46
Show
View Real Time Build Order
Export as new Build Order

Sehyo Protoss - Winner!

Build Orders:  

Get SALT Encoding   

  12  0:00  Probe (Chrono Boost)  
  13  0:11  Probe (Chrono Boost)  
  14  0:18  Pylon  
  14  0:22  Probe (Chrono Boost)  
  15  0:36  Probe (Chrono Boost)  
  16  0:46  Probe (Chrono Boost)  
  18  0:57  Probe (Chrono Boost)  
  18  1:07  Probe (Chrono Boost)  
  18  1:08  Nexus  
  19  1:18  Probe (Chrono Boost)  
  20  1:28  Probe (Chrono Boost)  
  21  1:39  Probe (Chrono Boost)  
  22  1:45  Assimilator  
  22  1:46  Gateway  
  22  1:58  Nexus  
  22  2:08  Pylon  
  22  2:10  Probe (Chrono Boost)  
  22  2:14  Assimilator  
  23  2:20  Probe (Chrono Boost)  
  23  2:22  Probe (Chrono Boost)  
  25  2:31  Probe (Chrono Boost)  
  25  2:32  Probe (Chrono Boost)  
  25  2:33  Cybernetics Core  
  27  2:40  Zealot  
  27  2:41  Probe (Chrono Boost)  
  30  2:44  Probe (Chrono Boost)  
  31  2:52  Probe (Chrono Boost)  
  31  2:55  Probe (Chrono Boost)  
  33  3:03  Probe (Chrono Boost)  
  35  3:05  Probe (Chrono Boost)  
  35  3:09  Assimilator  
  35  3:10  Probe (Chrono Boost)  
  35  3:11  Assimilator  
  36  3:14  Mothership Core (Chrono Boost)  
  36  3:15  Warp Gate  
  36  3:16  Probe (Chrono Boost)  
  39  3:20  Probe (Chrono Boost)  
  39  3:27  Probe (Chrono Boost)  
  41  3:31  Probe (Chrono Boost)  
  41  3:32  Probe (Chrono Boost)  
  43  3:37  Probe (Chrono Boost)  
  43  3:40  Stargate  
  44  3:41  Probe (Chrono Boost)  
  44  3:42  Probe (Chrono Boost)  
  44  3:48  Probe (Chrono Boost)  
  47  3:51  Gateway, Pylon  
  47  3:54  Probe (Chrono Boost)  
  47  3:55  Gateway  
  48  3:57  Probe (Chrono Boost)  
  48  3:58  Probe (Chrono Boost)  
  50  4:05  Probe (Chrono Boost)  
  50  4:07  Probe (Chrono Boost)  
  50  4:09  Probe (Chrono Boost)  
  53  4:15  Probe (Chrono Boost)  
  54  4:18  Probe (Chrono Boost), Gateway  
  54  4:19  Probe (Chrono Boost)  
  54  4:24  Phoenix (Chrono Boost)  
  58  4:25  Probe (Chrono Boost)  
  58  4:27  Probe (Chrono Boost)  
  58  4:28  Probe  
  58  4:30  Assimilator  
  61  4:31  Assimilator  
  61  4:37  Probe  
  62  4:41  Pylon  
  62  4:43  Probe x2  
  64  4:51  Pylon  
  68  4:58  Probe, Void Ray (Chrono Boost)  
  68  4:59  Probe x2  
  70  5:06  Stargate  
  71  5:07  Stargate  
  71  5:09  Robotics Facility  
  71  5:10  Probe x2  
  71  5:11  Probe  
  74  5:21  Gateway  
  74  5:22  Gateway  
  74  5:24  Gateway  
  74  5:27  Gateway  
  74  5:28  Probe x2  
  74  5:29  Probe  
  74  5:30  Pylon  
  74  5:34  Pylon  
  74  5:35  Pylon  
  77  5:37  Void Ray (Chrono Boost)  
  77  5:39  Probe x2  
  77  5:41  Probe  
  88  5:50  Void Ray (Chrono Boost)  
  88  5:51  Probe  
  88  5:53  Void Ray (Chrono Boost)  
  93  6:00  Probe x2, Twilight Council  
  93  6:03  Probe  
  96  6:09  Pylon  
  96  6:16  Probe x3  
  99  6:20  Void Ray (Chrono Boost)  
  103  6:28  Void Ray (Chrono Boost)  
  103  6:29  Pylon  
  103  6:31  Pylon  
  103  6:32  Pylon  
  107  6:42  Protoss Air Weapons Level 1  
  106  6:58  Void Ray x2 (Chrono Boost)  
  114  7:02  Nexus  
  114  7:04  Robotics Bay, Assimilator  
  114  7:07  Templar Archives, Robotics Facility  
  114  7:09  Assimilator  
  114  7:12  Pylon  
  114  7:14  Stalker x4, Pylon  
  114  7:15  Pylon  
  122  7:17  Pylon  
  122  7:23  Blink (Chrono Boost)  
  122  7:26  Probe  
  122  7:27  Forge  
  131  7:37  Void Ray x2 (Chrono Boost)  
  131  7:38  Void Ray (Chrono Boost)  
  135  7:52  Stalker x4  
  135  7:53  Stalker  
  135  7:55  Stalker  
  145  8:01  Probe x2  
  145  8:02  Probe  
  136  8:13  Probe  
  136  8:14  Stalker x2  
  136  8:15  Stalker x3  
  136  8:16  Stalker  
  137  8:27  Void Ray x2 (Chrono Boost)  
  141  8:38  Protoss Ground Weapons Level 1  
  141  8:40  Stalker  
  143  8:41  Stalker x4  
  143  8:42  Zealot  
  151  8:51  Observer  
  152  9:02  Mothership Core, Probe x3  
  157  9:15  Psionic Storm  
  157  9:17  Nexus  
  157  9:18  Pylon  
  157  9:19  Zealot x4  
  157  9:21  Pylon  
  157  9:22  Charge (Chrono Boost)  
  165  9:24  High Templar  
  165  9:27  High Templar  
  169  9:39  Photon Cannon  
  169  9:41  Photon Cannon  
  169  9:44  Photon Cannon  
  168  9:48  Observer  
  168  9:52  Adept x6  
  163  10:01  Void Ray  
  163  10:07  Void Ray  
  141  10:18  High Templar x2  
  141  10:19  Stalker x4, Zealot x2  
  157  10:28  Protoss Ground Weapons Level 2  
  157  10:29  Void Ray  
  161  10:38  Nexus, Void Ray  
  161  10:40  Probe  
  161  10:41  Probe x3, Pylon  
  166  10:42  Mothership Core  
  171  10:53  Protoss Air Armor Level 1  
  171  11:01  Zealot x2  
  171  11:02  Zealot x5  
  185  11:05  Stalker  
  185  11:06  Void Ray  
  191  11:12  Void Ray  
  193  11:30  Fleet Beacon  
  193  11:39  Photon Cannon  
  193  11:41  Photon Cannon  
  193  11:42  Photon Cannon  
  193  11:43  Probe, Pylon  
  193  11:44  Probe x3, Assimilator  
  197  11:48  Assimilator  
  197  11:54  Assimilator  
  197  11:57  High Templar  
  197  11:59  Assimilator  
  197  12:00  High Templar  
  199  12:06  Archon  
  199  12:35  Carrier (Chrono Boost)  
  185  12:42  Carrier (Chrono Boost)  
  195  12:44  Graviton Catapult  
  195  12:49  Zealot  
  197  12:56  Pylon  
  173  13:10  Stalker x6  
  173  13:11  Stalker x2  
  155  13:25  Carrier (Chrono Boost)  
  148  13:35  Stalker x2  
  148  13:36  Stalker x6  
  153  13:42  Probe  
  153  13:44  Probe  
  153  13:47  Gateway  
  145  13:50  Gateway  
  145  13:52  Gateway  
  145  13:53  Probe, Pylon  
  145  13:54  Gateway  
  145  13:55  Probe, Pylon  
  146  13:57  Pylon  
  146  13:59  Pylon  
  146  14:00  Carrier (Chrono Boost)  
  146  14:01  Pylon  
  150  14:03  Probe, High Templar x4  
  150  14:04  Carrier (Chrono Boost)  
  150  14:05  Probe  
  150  14:08  Archon  
  150  14:09  Archon  
  163  14:14  Probe  
  163  14:16  Probe  
  151  14:19  Stalker x2  
  134  14:24  Probe  
  134  14:26  Probe  
  134  14:29  Protoss Ground Weapons Level 3  
  136  14:35  Probe  
  136  14:38  Stalker x3  
  139  14:43  Carrier (Chrono Boost)  
  139  14:51  High Templar x2  
  139  15:13  High Templar x3, Photon Cannon  
  145  15:16  Photon Cannon  
  145  15:19  Carrier (Chrono Boost), Photon Cannon  
  157  15:22  Warp Prism  
  157  15:26  Carrier (Chrono Boost)  
  159  15:29  High Templar x3  
  158  15:48  Pylon  
  134  15:59  Carrier (Chrono Boost)  
  134  16:10  Stalker x6  
  132  16:13  Nexus  
  132  16:22  Pylon  
  132  16:52  High Templar  
  132  16:53  High Templar x3  
  140  16:55  Zealot x2  
  140  16:57  Archon x2  
  140  16:59  Probe  
  140  17:00  Probe  
  146  17:11  Zealot x2  
Show
View Real Time Build Order
Export as new Build Order

SickLee Zerg 

Build Orders: 3 Hatch before Pool, Lurkers 

Get SALT Encoding   

  12  0:01  Drone  
  13  0:12  Overlord  
  13  0:17  Drone  
  14  0:30  Drone x2  
  14  0:34  Drone  
  17  0:51  Drone  
  18  0:57  Hatchery  
  18  0:59  Drone  
  18  1:24  Hatchery  
  17  1:38  Drone x3  
  20  1:42  Spawning Pool  
  20  1:46  Extractor  
  18  1:59  Overlord  
  18  2:29  Queen x2  
  22  2:31  Zergling x4  
  22  2:33  Drone x2  
  26  2:39  Queen  
  28  2:50  Drone x2  
  30  2:56  Metabolic Boost  
  30  3:00  Drone x2  
  32  3:09  Queen  
  32  3:11  Drone  
  35  3:14  Drone  
  35  3:18  Overlord  
  36  3:26  Drone x3  
  36  3:27  Drone  
  40  3:32  Drone x2  
  42  3:36  Overlord  
  42  3:41  Drone x2  
  43  3:50  Drone x4  
  43  3:53  Drone x2  
  49  3:57  Overlord  
  49  3:58  Extractor  
  49  4:02  Drone  
  49  4:03  Drone x2  
  52  4:10  Drone x4  
  52  4:16  Roach Warren  
  54  4:17  Overlord  
  54  4:23  Drone x3  
  54  4:24  Drone  
  58  4:30  Extractor  
  58  4:31  Drone x5, Extractor  
  59  4:33  Overlord  
  59  4:37  Lair  
  61  4:47  Overlord x2  
  61  4:52  Spore Crawler, Drone x3  
  63  4:53  Drone x2  
  63  4:56  Drone x3  
  63  4:57  Drone x2  
  70  5:01  Spore Crawler, Drone x2  
  70  5:04  Spore Crawler  
  70  5:11  Drone x3  
  70  5:13  Extractor  
  72  5:14  Extractor  
  72  5:16  Drone x2  
  72  5:17  Evolution Chamber  
  72  5:18  Evolution Chamber  
  72  5:20  Drone x2  
  72  5:21  Spore Crawler  
  72  5:26  Drone  
  72  5:27  Drone  
  74  5:32  Drone x2  
  76  5:40  Hydralisk Den  
  76  5:41  Overlord x2  
  75  5:50  Zerg Missile Weapons Level 1, Zerg Ground Armor Level 1  
  75  5:51  Glial Reconstitution  
  75  5:56  Drone x2  
  77  5:58  Hatchery  
  77  6:01  Roach  
  77  6:02  Roach x5  
  88  6:04  Overlord  
  88  6:08  Drone x2  
  90  6:15  Hydralisk x4  
  90  6:18  Lurker Den  
  98  6:27  Overlord x3  
  98  6:28  Overlord  
  98  6:35  Hydralisk x4  
  106  6:45  Spire  
  106  6:46  Hydralisk x2  
  107  6:51  Hydralisk x3  
  107  6:53  Extractor  
  114  6:54  Hydralisk  
  114  6:57  Extractor  
  114  6:58  Hydralisk x2  
  119  7:01  Overlord  
  119  7:05  Drone x3  
  119  7:06  Drone x2  
  119  7:08  Drone  
  125  7:14  Hydralisk x3  
  131  7:20  Hydralisk  
  131  7:21  Hydralisk x2  
  137  7:24  Roach x2  
  141  7:30  Hydralisk x3  
  141  7:35  Overlord  
  141  7:36  Overlord  
  147  7:38  Roach x2  
  147  7:41  Ravager  
  147  7:42  Ravager x3  
  155  7:47  Roach x2  
  155  7:50  Overlord x2  
  159  7:54  Roach  
  159  7:55  Roach x2  
  159  7:57  Roach x2  
  169  8:00  Muscular Augments  
  169  8:02  Roach  
  142  8:17  Hydralisk  
  142  8:18  Hydralisk x3  
  134  8:22  Hydralisk x3  
  134  8:25  Hydralisk x4  
  134  8:31  Hydralisk  
  134  8:32  Hydralisk  
  138  8:38  Hydralisk x4  
  138  8:41  Zergling x2  
  147  8:50  Drone  
  147  8:51  Spore Crawler, Hydralisk x3  
  151  8:56  Hydralisk x2  
  151  9:00  Lurker x2  
  157  9:06  Hydralisk  
  157  9:07  Hydralisk x2  
  163  9:12  Zerg Missile Weapons Level 2  
  163  9:15  Roach x2  
  167  9:18  Hydralisk  
  167  9:20  Roach x2  
  167  9:23  Hydralisk  
  175  9:25  Hydralisk  
  175  9:29  Roach x2  
  181  9:34  Roach x3  
  186  9:50  Overlord x3  
  186  9:59  Hydralisk x7  
  140  10:08  Hydralisk x3  
  140  10:12  Hydralisk  
  140  10:13  Hydralisk  
  136  10:18  Roach x2  
  130  10:25  Hydralisk x3  
  130  10:27  Hydralisk  
  138  10:31  Roach x2  
  142  10:37  Hydralisk  
  142  10:38  Hydralisk x2  
  148  10:43  Drone x3  
  151  11:02  Lurker x4  
  151  11:03  Corruptor  
  157  11:06  Zerg Ground Armor Level 2  
  157  11:08  Hatchery  
  157  11:10  Roach x2  
  160  11:12  Hydralisk  
  160  11:15  Corruptor  
  164  11:22  Hydralisk  
  164  11:23  Hydralisk x2  
  170  11:30  Drone x3  
  173  11:33  Corruptor x2, Infestation Pit  
  173  11:38  Ravager  
  173  11:39  Ravager x3  
  180  11:49  Hydralisk x2  
  180  11:51  Corruptor x2  
  188  11:57  Corruptor  
  190  12:05  Corruptor  
  190  12:06  Corruptor  
  190  12:07  Extractor  
  193  12:11  Hydralisk  
  193  12:12  Extractor  
  193  12:15  Hive  
  194  12:21  Zerg Flyer Weapons Level 1  
  194  12:26  Drone x3  
  194  12:27  Drone  
  194  12:28  Drone x2  
  200  12:31  Spore Crawler  
  199  12:40  Corruptor  
  187  13:10  Hydralisk  
  187  13:11  Hydralisk x6  
  199  13:17  Roach x4  
  193  13:33  Roach  
  199  13:34  Roach x2  
  194  13:59  Corruptor  
  194  14:00  Corruptor x3  
  161  14:18  Roach  
  161  14:19  Roach x13  
  165  14:28  Roach x3  
  165  14:29  Roach  
  154  14:35  Roach x4  
  156  14:49  Corruptor x3  
  162  14:55  Hatchery  
  162  14:59  Hatchery  
  160  15:03  Corruptor  
  162  15:10  Corruptor  
  160  15:31  Corruptor x2  
  142  16:02  Corruptor x2  
  112  16:11  Roach x3  
  112  16:22  Corruptor  
  114  16:29  Zergling x4  
  116  16:47  Hatchery  
  116  16:48  Extractor  
  116  16:51  Corruptor  
  116  16:54  Ravager x5  
  120  17:02  Corruptor  
  120  17:05  Corruptor  
  123  17:09  Corruptor  
  126  17:25  Overseer x2  
Tags
 
Add a new tag
Caveats
  • Supply blocks, unpowered buildings, or Contaminate may cause inaccurate times.
  • Supply counts are checked every 10 seconds.